SNL (28 & UNDER)
MEMPHIS BLUES @ SANTA FE DIABLOS
08/04/2029
 
TOP OF THE 1ST
Memphis Blues batting - Pitching for Santa Fe Diablos : RHP Josh Carson
Pitching: RHP Josh Carson
Batting: LHB Armando Domínguez 0-0: Bunt for hit - play at first, batter OUT! 1-3
Batting: RHB Dennis Mays 0-0: Foul Ball, location: 2F
0-1: Swinging Strike
0-2: Strikes out swinging
Batting: LHB Weston Chaney 0-0: Swinging Strike
0-1: Foul Ball, location: 2F
0-2: Ball
1-2: Ball
2-2: SINGLE (Line Drive, 34D)
Batting: LHB Brenton Carter 0-0: Called Strike
0-1: Ball
1-1: Ball
2-1: Fly out, F7 (Flyball, 78M)
Top of the 1st over - 0 runs, 1 hit, 0 errors, 1 left on base; Memphis 0 - Santa Fe 0
BOTTOM OF THE 1ST
Santa Fe Diablos batting - Pitching for Memphis Blues : LHP Jaden Watkins
Pitching: LHP Jaden Watkins
Batting: LHB David Hernández 0-0: Called Strike
0-1: Ball
1-1: Ground out 4-3 (Groundball, 4)
Batting: RHB Félix Campos 0-0: Called Strike
0-1: Swinging Strike
0-2: SINGLE (Line Drive, 89M)
Batting: RHB Chris Rice 0-0: Ball
1-0: Foul Ball, location: 2F
1-1: Foul Ball, location: 2F
1-2: Ball
2-2: SINGLE (Line Drive, 8RS)
Félix Campos to second
Batting: RHB Nick Vogel 0-0: Ball
1-0: Ball
2-0: Ball
3-0: Base on Balls
Félix Campos to third
Chris Rice to second
Batting: RHB Tim Adkins 0-0: Ground out U3 (Groundball, 3S)
Félix Campos scores
Chris Rice to third
Nick Vogel to second
Batting: RHB Frank Martínez 0-0: Ball
1-0: SINGLE (Line Drive, 56D)
Chris Rice scores
Nick Vogel to third
Batting: LHB Merrill Erickson 0-0: Called Strike
0-1: Ball
1-1: 3-RUN HOME RUN (Flyball, 9D), Distance : 364 ft
Batting: RHB Eliot James 0-0: Called Strike
0-1: SINGLE (Line Drive, 34D)
Batting: SHB Ed Dundee 0-0: SINGLE (Line Drive, 78M)
Eliot James to second
Batting: LHB David Hernández 0-0: Foul Ball, location: 2F
0-1: Called Strike
0-2: Ball
Wild Pitch!
Eliot James to third
Ed Dundee to second
1-2: Ball
2-2: Foul Ball, location: 2F
2-2: Foul Ball, location: 2F
2-2: Ground out 6-3 (Groundball, 6)
Bottom of the 1st over - 5 runs, 6 hits, 0 errors, 2 left on base; Memphis 0 - Santa Fe 5
TOP OF THE 2ND
Memphis Blues batting - Pitching for Santa Fe Diablos : RHP Josh Carson
Batting: RHB Aaron Grizzle 0-0: Called Strike
0-1: Ball
1-1: Foul Ball, location: 2F
1-2: Strikes out swinging
Batting: SHB Fernando Gutiérrez 0-0: Ball
1-0: Ball
2-0: Foul Ball, location: 2F
2-1: Foul Ball, location: 2F
2-2: Foul Ball, location: 2F
2-2: Ball
3-2: SINGLE (Line Drive, 56D)
Batting: LHB Phil Cantrell 0-0: Ball
1-0: Ball
2-0: Foul Ball, location: 2F
2-1: Ball
3-1: Foul Ball, location: 2F
3-2: Grounds into double play, 5-4-3 (Groundball, 56)
Top of the 2nd over - 0 runs, 1 hit, 0 errors, 0 left on base; Memphis 0 - Santa Fe 5
BOTTOM OF THE 2ND
Santa Fe Diablos batting - Pitching for Memphis Blues : LHP Jaden Watkins
Batting: RHB Félix Campos 0-0: Called Strike
0-1: Swinging Strike
0-2: Ball
1-2: Foul Ball, location: 2F
1-2: Foul Ball, location: 2F
1-2: Foul Ball, location: 2F
1-2: Strikes out looking
Batting: RHB Chris Rice 0-0: SINGLE (Line Drive, 34D)
Batting: RHB Nick Vogel 0-0: Swinging Strike
0-1: Ball
1-1: Ball
2-1: Ball
3-1: Base on Balls
Chris Rice to second
Batting: RHB Tim Adkins 0-0: Ball
1-0: Ball
2-0: Foul Ball, location: 2F
2-1: SINGLE (Flyball, 9LM)
Chris Rice to third
Nick Vogel to second
Batting: RHB Frank Martínez 0-0: Fly out, F9 (Flyball, 89M)
Runner from 3rd tags up, SCORES, throw made
Batting: LHB Merrill Erickson 0-0: SINGLE (Groundball, 6D)
Nick Vogel to third
Tim Adkins to second
Runner from 3rd tries for Home, SAFE, throw made home
Batting: RHB Eliot James 0-0: Ball
1-0: Ball
2-0: SINGLE (Line Drive, 56)
Tim Adkins to third
Merrill Erickson to second
Runner from 3rd tries for Home, SAFE, no throw
Batting: SHB Ed Dundee 0-0: Called Strike
0-1: Called Strike
0-2: Ball
1-2: Strikes out looking
Bottom of the 2nd over - 3 runs, 4 hits, 0 errors, 2 left on base; Memphis 0 - Santa Fe 8
TOP OF THE 3RD
Memphis Blues batting - Pitching for Santa Fe Diablos : RHP Josh Carson
Batting: SHB José Velásquez 0-0: Ball
1-0: Ball
2-0: Ball
3-0: Called Strike
3-1: Called Strike
3-2: Foul Ball, location: 2F
3-2: Foul Ball, location: 2F
3-2: Foul Ball, location: 2F
3-2: Foul Ball, location: 2F
3-2: DOUBLE (Groundball, 3L)
Batting: RHB Ángel Hernández 0-0: Ball
1-0: Called Strike
1-1: Ball
2-1: Ball
3-1: Foul Ball, location: 2F
3-2: Ground out 6-3 (Groundball, 56)
Batting: LHB Armando Domínguez 0-0: Foul Ball, location: 2F
0-1: Ball
1-1: SINGLE (Line Drive, 9S)
José Velásquez to third
Runner from 3rd tries for Home, SAFE, throw made home
Batting: RHB Dennis Mays 0-0: Called Strike
0-1: Ball
Armando Domínguez steals 2nd base
1-1: Foul Ball, location: 2F
1-2: Ball
2-2: SINGLE (Line Drive, 6D)
Armando Domínguez to third
Runner from 3rd tries for Home, SAFE, no throw
Batting: LHB Weston Chaney 0-0: Called Strike
0-1: Ball
1-1: Called Strike
1-2: Foul Ball, location: 2F
1-2: Ball
2-2: Foul Ball, location: 2F
2-2: Foul Ball, location: 2F
2-2: Ball
3-2: Ground out 5-3 (Groundball, 56S)
Dennis Mays to second
Batting: LHB Brenton Carter 0-0: Called Strike
0-1: Ball
1-1: Ball
Wild Pitch!
Dennis Mays to third
2-1: Foul Ball, location: 2F
2-2: Ball
3-2: Strikes out swinging
Top of the 3rd over - 2 runs, 3 hits, 0 errors, 1 left on base; Memphis 2 - Santa Fe 8
BOTTOM OF THE 3RD
Santa Fe Diablos batting - Pitching for Memphis Blues : LHP Jaden Watkins
Batting: LHB David Hernández 0-0: Hit by Pitch
Batting: RHB Félix Campos 0-0: Called Strike
0-1: Ball
1-1: Called Strike
1-2: Fly out, F9 (Line Drive, 9LS)
Batting: RHB Chris Rice 0-0: Swinging Strike
0-1: SINGLE (Line Drive, 4MD)
David Hernández to second
Batting: RHB Nick Vogel 0-0: Called Strike
0-1: Ball
1-1: SINGLE (Flyball, 8RS)
David Hernández to third
Chris Rice to second
Runner from 3rd tries for Home, SAFE, no throw
Batting: RHB Tim Adkins 0-0: Ball
1-0: Called Strike
1-1: Swinging Strike
1-2: Strikes out swinging
Batting: RHB Frank Martínez 0-0: Ball
1-0: Ball
2-0: Foul Ball, location: 2F
2-1: Fielders Choice at 2nd, 5-4 (Groundball, 56)
Bottom of the 3rd over - 1 run, 2 hits, 0 errors, 2 left on base; Memphis 2 - Santa Fe 9
TOP OF THE 4TH
Memphis Blues batting - Pitching for Santa Fe Diablos : RHP Josh Carson
Batting: RHB Aaron Grizzle 0-0: Called Strike
0-1: Ground out 5-3 (Groundball, 5)
Batting: SHB Fernando Gutiérrez 0-0: Ball
1-0: Foul Ball, location: 2F
1-1: Called Strike
1-2: Ground out U3 (Groundball, 34)
Batting: LHB Phil Cantrell 0-0: Ball
1-0: Foul Ball, location: 2F
1-1: Ball
2-1: Fly out, F9 (Flyball, 9S)
Top of the 4th over - 0 runs, 0 hits, 0 errors, 0 left on base; Memphis 2 - Santa Fe 9
BOTTOM OF THE 4TH
Santa Fe Diablos batting - Pitching for Memphis Blues : LHP Jaden Watkins
Batting: LHB Merrill Erickson 0-0: Called Strike
0-1: Ball
1-1: Called Strike
1-2: SOLO HOME RUN (Flyball, 9D), Distance : 368 ft
Batting: RHB Eliot James 0-0: Fly out, F4 (Flyball, 4D)
Batting: SHB Ed Dundee 0-0: Called Strike
0-1: Ball
1-1: Ball
2-1: Swinging Strike
2-2: Ball
3-2: Foul Ball, location: 2F
3-2: Base on Balls
Batting: LHB David Hernández 0-0: Called Strike
0-1: Ball
Ed Dundee steals 2nd base
1-1: Swinging Strike
1-2: Strikes out swinging
Batting: RHB Félix Campos 0-0: Swinging Strike
0-1: Foul Ball, location: 2F
0-2: Ball
1-2: Strikes out swinging
Bottom of the 4th over - 1 run, 1 hit, 0 errors, 1 left on base; Memphis 2 - Santa Fe 10
TOP OF THE 5TH
Memphis Blues batting - Pitching for Santa Fe Diablos : RHP Josh Carson
Batting: SHB José Velásquez 0-0: Ball
1-0: Called Strike
1-1: Foul Ball, location: 2F
1-2: Ball
2-2: SINGLE (Groundball, 3D)
Batting: RHB Ángel Hernández 0-0: Swinging Strike
0-1: Swinging Strike
0-2: Strikes out swinging
Batting: LHB Armando Domínguez 0-0: Ball
1-0: SINGLE (Flyball, 78M)
José Velásquez to second
Batting: RHB Dennis Mays 0-0: Called Strike
0-1: Ball
1-1: Foul Ball, location: 2F
1-2: Strikes out swinging
Batting: LHB Weston Chaney 0-0: Called Strike
0-1: Fly out, F8 (Line Drive, 8LD)
Top of the 5th over - 0 runs, 2 hits, 0 errors, 2 left on base; Memphis 2 - Santa Fe 10
BOTTOM OF THE 5TH
Santa Fe Diablos batting - Pitching for Memphis Blues : LHP Jaden Watkins
Batting: RHB Chris Rice 0-0: Ball
1-0: Ball
2-0: Ball
3-0: Called Strike
3-1: Foul Ball, location: 2F
3-2: Base on Balls
Batting: RHB Nick Vogel 0-0: Foul Ball, location: 2F
0-1: Fielders Choice at 2nd, 6-4 (Groundball, 6M)
Batting: RHB Tim Adkins 0-0: Ball
1-0: Ball
2-0: Ball
3-0: Called Strike
3-1: Base on Balls
Nick Vogel to second
Batting: RHB Frank Martínez 0-0: Called Strike
0-1: Fly out, F8 (Flyball, 8LXD)
Runner from 2nd tags up, SAFE at 3rd, no throw
Batting: LHB Merrill Erickson 0-0: Ball
1-0: Ball
2-0: Called Strike
2-1: Ball
3-1: Swinging Strike
3-2: Strikes out swinging
Bottom of the 5th over - 0 runs, 0 hits, 0 errors, 2 left on base; Memphis 2 - Santa Fe 10
TOP OF THE 6TH
Memphis Blues batting - Pitching for Santa Fe Diablos : RHP Josh Carson
Batting: LHB Brenton Carter 0-0: Called Strike
0-1: Ball
1-1: SINGLE (Line Drive, 4M)
Batting: RHB Aaron Grizzle 0-0: Called Strike
0-1: Ball
1-1: Ball
2-1: Ball
3-1: SINGLE (Groundball, 56D)
Brenton Carter to second
Batting: SHB Fernando Gutiérrez 0-0: Ball
1-0: Swinging Strike
1-1: Ball
2-1: SINGLE (Groundball, 6MD)
Brenton Carter to third
Aaron Grizzle to second
Batting: LHB Phil Cantrell 0-0: Called Strike
0-1: Foul Ball, location: 2F
0-2: Foul Ball, location: 2F
0-2: Ground out 4-3 (Groundball, 4S)
Brenton Carter scores
Aaron Grizzle to third
Fernando Gutiérrez to second
Pitching: RHP Tomás Rodríguez
Batting: SHB José Velásquez 0-0: Ball
1-0: Foul Ball, location: 2F
1-1: Ball
2-1: DOUBLE (Line Drive, 7LM)
Aaron Grizzle scores
Fernando Gutiérrez scores
Batting: RHB Ángel Hernández 0-0: Called Strike
0-1: Swinging Strike
0-2: Strikes out swinging
Batting: LHB Armando Domínguez 0-0: Ball
1-0: Foul Ball, location: 2F
1-1: Ball
2-1: Foul Ball, location: 2F
2-2: Ball
3-2: Base on Balls
Batting: RHB Dennis Mays 0-0: Ball
1-0: Ball
2-0: Ball
3-0: Foul Ball, location: 2F
3-1: Foul Ball, location: 2F
3-2: Strikes out swinging
Top of the 6th over - 3 runs, 4 hits, 0 errors, 2 left on base; Memphis 5 - Santa Fe 10
BOTTOM OF THE 6TH
Santa Fe Diablos batting - Pitching for Memphis Blues : LHP Jaden Watkins
Pitching: LHP Peter Turner
Batting: RHB Eliot James 0-0: Called Strike
0-1: Called Strike
0-2: Strikes out swinging
Batting: SHB Ed Dundee 0-0: Swinging Strike
0-1: Ball
1-1: Foul Ball, location: 2F
1-2: Ball
2-2: Fly out, F9 (Flyball, 9S)
Batting: LHB David Hernández 0-0: Foul Ball, location: 2F
0-1: Ball
1-1: Foul Ball, location: 2F
1-2: Ball
2-2: Ball
3-2: Foul Ball, location: 2F
3-2: Strikes out looking
Bottom of the 6th over - 0 runs, 0 hits, 0 errors, 0 left on base; Memphis 5 - Santa Fe 10
TOP OF THE 7TH
Memphis Blues batting - Pitching for Santa Fe Diablos : RHP Tomás Rodríguez
Batting: LHB Weston Chaney 0-0: Swinging Strike
0-1: Ball
1-1: DOUBLE (Line Drive, 7D)
Batting: LHB Brenton Carter 0-0: Called Strike
0-1: Ball
1-1: Ball
2-1: DOUBLE (Line Drive, 78D)
Weston Chaney scores
Batting: RHB Aaron Grizzle 0-0: Fly out, F8 (Flyball, 8LS)
Batting: SHB Fernando Gutiérrez 0-0: Fly out, F3 (Line Drive, 3)
Batting: LHB Phil Cantrell 0-0: Ball
1-0: Called Strike
1-1: Ball
2-1: Called Strike
2-2: Ball
3-2: Foul Ball, location: 2F
3-2: Base on Balls
Batting: SHB José Velásquez 0-0: Ball
1-0: Ball
2-0: Fly out, F7 (Flyball, 7S)
Top of the 7th over - 1 run, 2 hits, 0 errors, 2 left on base; Memphis 6 - Santa Fe 10
BOTTOM OF THE 7TH
Santa Fe Diablos batting - Pitching for Memphis Blues : LHP Peter Turner
Batting: RHB Félix Campos 0-0: Swinging Strike
0-1: Swinging Strike
0-2: Strikes out swinging
Batting: RHB Chris Rice 0-0: Ball
1-0: Foul Ball, location: 2F
1-1: Fly out, F9 (Flyball, 89S)
Batting: RHB Nick Vogel 0-0: Ball
1-0: Ball
2-0: Ball
3-0: Called Strike
3-1: Base on Balls
Pitching: RHP Michael Hutchins
Batting: RHB Tim Adkins 0-0: Foul Ball, location: 2F
0-1: Foul Ball, location: 2F
0-2: Foul Ball, location: 2F
0-2: Ball
1-2: Strikes out swinging
Bottom of the 7th over - 0 runs, 0 hits, 0 errors, 1 left on base; Memphis 6 - Santa Fe 10
TOP OF THE 8TH
Memphis Blues batting - Pitching for Santa Fe Diablos : RHP Tomás Rodríguez
Batting: RHB Ángel Hernández 0-0: Ball
1-0: Ball
2-0: Called Strike
2-1: Foul Ball, location: 2F
2-2: Foul Ball, location: 2F
2-2: Strikes out looking
Batting: LHB Armando Domínguez 0-0: DOUBLE (Flyball, 89XD) - OUT at third base trying to stretch hit.
Batting: RHB Dennis Mays 0-0: Ball
1-0: Called Strike
1-1: Foul Ball, location: 2F
1-2: Foul Ball, location: 2F
1-2: Ball
2-2: Foul Ball, location: 2F
2-2: Strikes out swinging
Top of the 8th over - 0 runs, 1 hit, 0 errors, 0 left on base; Memphis 6 - Santa Fe 10
BOTTOM OF THE 8TH
Santa Fe Diablos batting - Pitching for Memphis Blues : RHP Michael Hutchins
Batting: RHB Frank Martínez 0-0: Ball
1-0: Ball
2-0: Ground out 5-3 (Groundball, 56)
Batting: LHB Merrill Erickson 0-0: Ball
1-0: Ball
2-0: Ball
3-0: Base on Balls
Pitching: LHP Fernando Palácios
Batting: RHB Eliot James 0-0: Foul Ball, location: 2F
0-1: Ball
1-1: Grounds into double play, 4-6-3 (Groundball, 4)
Bottom of the 8th over - 0 runs, 0 hits, 0 errors, 0 left on base; Memphis 6 - Santa Fe 10
TOP OF THE 9TH
Memphis Blues batting - Pitching for Santa Fe Diablos : RHP Tomás Rodríguez
Batting: LHB Weston Chaney 0-0: Ball
1-0: Foul Ball, location: 2F
1-1: Ball
2-1: Ball
3-1: Base on Balls
Pitching: RHP Héctor Rodríguez
Batting: LHB Brenton Carter 0-0: Called Strike
0-1: Grounds into double play, 5-4-3 (Groundball, 56)
Batting: RHB Aaron Grizzle 0-0: Ball
1-0: Called Strike
1-1: Ball
2-1: Foul Ball, location: 2F
2-2: Fly out, F7 (Flyball, 7S)
Top of the 9th over - 0 runs, 0 hits, 0 errors, 0 left on base; Memphis 6 - Santa Fe 10
Saturday, December 16th, 2017 - OOTP Baseball 18.8 Build 76